 Dungeon Crawl Stone Soup version 0.31-a0-1074-g0b22e4e0f1 (webtiles) character file.

Game seed: 1355549416107842814

25 bmb222 the Cutter (level 2, -6/23 HPs)
             Began as a Demonspawn Gladiator on Dec 2, 2023.
             Mangled by a gnoll
             ... wielding a +0 whip
              (9 damage)
             ... on level 1 of the Dungeon.
             The game lasted 00:01:05 (1008 turns).

bmb222 the Cutter (Demonspawn Gladiator)            Turns: 1008, Time: 00:01:06

Health: -6/23      AC:  5    Str: 14    XL:     2   Next: 82%
Magic:  2/2        EV: 12    Int:  9    God:
Gold:   60         SH:  0    Dex: 14    Spells: 1/1 levels left

rFire   . . .        a - +0 rapier
rCold   . . .        (no shield)
rNeg    . . .        b - +0 leather armour
rPois   .            c - +0 helmet
rElec   .            (no cloak)
rCorr   .            (no gloves)
SInv    .            j - +0 pair of boots
Will    .....        (no amulet)
Stlth   +            (no ring)
HPRegen 0.23/turn    (no ring)
MPRegen 0.08/turn

%: no passive effects
@: no status effects
A: demonic magic 1
a: no special abilities


You were on level 1 of the Dungeon.
You visited 1 branch of the dungeon, and saw 2 of its levels.

You collected 60 gold pieces.

Inventory:

Hand Weapons
 a - a +0 rapier (weapon)
Missiles
 d - 3 throwing nets (quivered)
 e - a javelin
Armour
 b - a +0 leather armour (worn)
 c - a +0 helmet (worn)
 j - a +0 pair of boots (worn)


   Skills:
 + Level 2.3 Fighting
 + Level 3.1 Short Blades
 + Level 1.8 Throwing
 + Level 0.2 Armour
 + Level 2.8 Dodging
 * Level 1.0 Stealth


You had one spell level left.
You didn't know any spells.
Your spell library was empty.

Dungeon Overview and Level Annotations

Branches:
Dungeon (2/15)

Altars:


Innate Abilities, Weirdness & Mutations

Spells you cast may paralyse adjacent enemies.


Message History

The gnoll shouts!
You hit the gnoll.
The gnoll is almost dead.
You hear a shout!
The gnoll misses you. The gnoll barely misses you. x2
You hit the gnoll.
You kill the gnoll!
The gnoll closely misses you. The gnoll hits you with a +0 whip.
Your Stealth skill increases to level 1!
You see here a +0 spear.
The gnoll attacks as it pursues you! The gnoll hits you with a +0 whip.
The gnoll attacks as it pursues you! The gnoll hits you with a +0 whip.
* * * LOW HITPOINT WARNING * * *
The gnoll attacks as it pursues you! The gnoll hits you but does no damage.
There is a stone staircase leading up here.
The gnoll hits you with a +0 whip.
* * * LOW HITPOINT WARNING * * *
You climb upwards.
There is a stone staircase leading down here.
The gnoll misses you.
You aren't carrying any potions.
As you read the scroll labelled COKKEMMIGO, it crumbles to dust.
It is a scroll of amnesia.
You feel forgetful for a moment. The gnoll completely misses you.
The gnoll closely misses you.
Unknown command.
As you read the scroll labelled PUMOUHYOPP, it crumbles to dust.
You feel momentarily disoriented.
It was a scroll of revelation.
The gnoll misses you. The gnoll hits you with a +0 whip.
* * * LOW HITPOINT WARNING * * *
The air fills with toxic fumes!
As you read the scroll labelled BUOKKE DAVUJYF, it crumbles to dust.
It was a scroll of poison.
The gnoll barely misses you. x2
As you read the scroll labelled TANTIE IJAMA, it crumbles to dust.
It is a scroll of identify.
You don't currently have any unidentified items.
The gnoll closely misses you. The gnoll barely misses you.
Unknown command.
You closely miss the gnoll. The gnoll hits you with a +0 whip!
You die...

##...............................
#.################............###
.## ####################.# ##
#####################.#
#......§§§§.........#.#
#.######§§#########.#.#
#.######§§###### #.#.#
#.######§§###### #.#.#
#.######@§#########.#.#
#########.######gg####........#
#.........######§§####.####.###
..##############§§####.# #.# ###
#######§§§....# #.#
#######§##########.#
#######§§..........#
####################


You could see 2 gnolls.

Vanquished Creatures
  A gnoll (D:2)
  A ball python (D:2)
  2 endoplasms (D:1)
  A giant cockroach (D:1)
  2 hobgoblins (D:1)
  A quokka (D:1)
  2 bats (D:1)
  A frilled lizard (D:1)
  A goblin (D:1)
  4 rats (D:1)
16 creatures vanquished.

Notes
Turn   | Place    | Note
-------+----------+-------------------------------------------
     0 | D:1      | bmb222 the Demonspawn Gladiator began the quest for the
                  | Orb.
     0 | D:1      | Reached XP level 1. HP: 16/16 MP: 1/1
   263 | D:1      | Gained mutation: Spells you cast may paralyse adjacent
                  | enemies. [demonic ancestry]
   263 | D:1      | Reached XP level 2. HP: 22/22 MP: 2/2
   281 | D:1      | Reached skill level 3 in Short Blades
   994 | D:2      | Reached skill level 1 in Stealth
  1008 | D:1      | Mangled by a gnoll

Illustrated notes

Levels and vault maps discovered:
D:1:      dpeg_arrival_tiny_g, layout_loops_ring, minmay_misc_feat_nine_boxes,
          minmay_bisected
D:2:      layout_loops_cross, minmay_circle_x

Skill      XL: |  1  2 |
---------------+-------+-----
Short Blades   | 3 |  3.1
Stealth        | 1 |  1.0
Fighting       | |  2.3
Throwing       | |  1.8
Armour         | |  0.2
Dodging        | |  2.8

Action                     || total
---------------------------++-------
  Melee: Rapier            ||    44
    Use: Scroll            ||     4
   Stab: Sleeping          ||     1
 Armour: Leather armour    ||    27
  Dodge: Dodged            ||    36

Table legend: (Time is in decaauts)
 A = Elapsed time spent in this place.
 B = Non-inter-level travel time spent in this place.
 C = Inter-level travel time spent in this place.
 D = Time resting spent in this place.
 E = Time spent auto-exploring this place.
 F = Levels seen in this place.
 G = Mean time per level.
                   A        B        C        D        E       F      G
               +--------+--------+--------+--------+--------+-----+--------+
         Total |   1010 |    884 |    126 |      0 |    753 |   2 |  505.0 |
       Dungeon |   1010 |    884 |    126 |      0 |    753 |   2 |  505.0 |
               +--------+--------+--------+--------+--------+-----+--------+

Top non-repeatable levels by time:
     D:1: 972 daAuts
     D:2: 38 daAuts
